 Dungeon Crawl Stone Soup version 0.29-a0-1033-gb6c65ffae6 (webtiles) character file.

Game seed: 5136228674604952351

754 wingedge the Sneak (level 7, -4/41 HPs)
             Began as a Vampire Enchanter on Aug 15, 2022.
             Was a Follower of Kikubaaqudgha.
             Slain by a gnoll sergeant
             ... wielding a +0 spear
              (11 damage)
             ... on level 5 of the Dungeon.
             The game lasted 00:25:42 (6222 turns).

wingedge the Sneak (Vampire Enchanter)              Turns: 6222, Time: 00:25:42

Health: -4/41      AC:  5    Str:  7    XL:     7   Next: 49%
Magic:  4/13       EV: 12    Int: 19    God:    Kikubaaqudgha [*.....]
Gold:   362        SH:  0    Dex: 18    Spells: 2/14 levels left

rFire   . . .      SeeInvis +   b - +2 dagger (venom)
rCold   + + .      Faith    .   (no shield)
rNeg    + + +      Spirit   .   A - +0 leather armour of Failure {rN+ Dex+3 Slay+3}
rPois   ∞          Reflect  .   (no helmet)
rElec   .          Harm     .   s - +0 cloak
rCorr   +          Rampage  .   j - +0 pair of gloves
Will    +....                   (no boots)
Stlth   +++++.....              (no amulet)
HPRegen 0.00/turn               y - ring of willpower
MPRegen 0.13/turn               C - ring of resist corrosion

@: bloodless, inhibited regen
A: bloodless, fangs 3, see invisible, vampiric 2
a: Bat Form, Revivify, Renounce Religion, Unearth Wretches


You were on level 5 of the Dungeon.
You worshipped Kikubaaqudgha.
Kikubaaqudgha was aware of your devotion.
You visited 2 branches of the dungeon, and saw 7 of its levels.

You collected 362 gold pieces.

Inventory:

Hand Weapons
 a - a +2 long sword of protection
 b - a +2 dagger of venom (weapon)
 d - a +0 short sword
 g - a +0 dagger of pain
 k - a +1 dagger of protection
 m - a +1 dagger
 r - a +2 dagger of speed
Missiles
 H - a throwing net
Armour
 j - a +0 pair of gloves (worn)
 s - a +0 cloak (worn)
 A - the +0 leather armour of Failure (worn) {rN+ Dex+3 Slay+3}
   (You found it on level 3 of the Dungeon)

   Dex:       It affects your dexterity (+3).
   Slay:      It affects your accuracy & damage with ranged weapons and melee
   (+3).
   rN:        It protects you from negative energy.
Jewellery
 y - a ring of willpower (left hand)
 B - a ring of flight
 C - a ring of resist corrosion (right hand)
Wands
 c - a wand of mindburst (14)
 n - a wand of roots (9)
Scrolls
 e - 3 scrolls of teleportation
 i - a scroll of vulnerability
 o - a scroll of butterflies
 x - a scroll of summoning
 z - 2 scrolls of blinking {unknown}
 D - a scroll of immolation {unknown}
 E - a scroll of acquirement {unknown}
 G - a scroll of silence {unknown}
 I - 2 scrolls of enchant armour {unknown}
 J - a scroll of torment {unknown}
Potions
 f - a potion of brilliance
 h - a potion of flight {unknown}
 l - 2 potions of ambrosia
 p - a potion of experience {unknown}
 q - 3 potions of lignification
 t - 2 potions of curing
 u - 2 potions of haste
 v - a potion of berserk rage {unknown}
 w - 2 potions of heal wounds
 F - a potion of attraction {unknown}
 K - a potion of invisibility


   Skills:
 - Level 3.0 Fighting
 - Level 3.0 Short Blades
 - Level 3.0 Dodging
 - Level 7.0 Stealth
 - Level 4.0 Spellcasting
 + Level 5.4 Hexes
 - Level 3.0 Necromancy
 - Level 2.0 Ice Magic


You had 2 spell levels left.
You knew the following spells:

 Your Spells              Type           Power      Damage    Failure   Level
a - Ensorcelled Hibernat  Hex/Ice        34%        N/A       7%          2
b - Confusing Touch       Hex            24%        N/A       7%          3
c - Tukima's Dance        Hex            24%        N/A       7%          3
d - Necrotise             Necr           60%        1d7       6%          1
e - Vampiric Draining     Necr           15%        2d7       19%         3

Your spell library contained the following spells:

 Spells                   Type           Power      Damage    Failure   Level
 Sublimation of Blood     Necr           15%        N/A       9%          2
 Dazzling Flash           Conj/Hex       28%        N/A       21%         3
 Animate Dead             Necr           15%        N/A       52%         4


Dungeon Overview and Level Annotations

Branches:
Dungeon (6/15)             Temple (1/1) D:4

Altars:
Ashenzari
Cheibriados
Dithmenos
Fedhas
Gozag
Hepliaklqana
Kikubaaqudgha
Makhleb
Okawaru
Qazlal
Ru
Sif Muna
Uskayaw
Vehumet
Wu Jian
Yredelemnul

Shops:
D:1 =


Innate Abilities, Weirdness & Mutations

You do not regenerate when monsters are visible.
You are frail without blood (-20% HP).
You can heal yourself when you bite living creatures.
You are immune to poison.
You have razor-sharp teeth.
You have supernaturally acute eyesight. (SInv)
You are afflicted with vampirism and can become a bat while bloodless.


Message History

Casting: Ensorcelled Hibernation (safe; 7% risk of failure)
Confirm with . or Enter, or press ? or * to list all spells.
Aiming: Ensorcelled Hibernation (safe; 7% risk of failure)
Press: ? - help, Shift-Dir - straight line, f - gnoll sergeant
Aim: a gnoll sergeant, wielding a +0 spear and wearing a +0 ring mail (chance to affect: 50%)
The gnoll sergeant resists with some effort.
The gnoll barely misses you. The gnoll sergeant closely misses you.
The gnoll barely misses you.
The gnoll sergeant hits you with a +0 spear.
The gnoll closely misses you.
Casting: Ensorcelled Hibernation (safe; 7% risk of failure)
Confirm with . or Enter, or press ? or * to list all spells.
Aiming: Ensorcelled Hibernation (safe; 7% risk of failure)
Press: ? - help, Shift-Dir - straight line, f/p - gnoll sergeant
Aim: a gnoll sergeant, wielding a +0 spear and wearing a +0 ring mail (chance to affect: 50%)
The gnoll sergeant resists with some effort.
The gnoll hits you from afar with a +0 spear.
The gnoll sergeant hits you with a +0 spear.
The gnoll barely misses you.
Casting: Ensorcelled Hibernation (safe; 7% risk of failure)
Confirm with . or Enter, or press ? or * to list all spells.
Aiming: Ensorcelled Hibernation (safe; 7% risk of failure)
Press: ? - help, Shift-Dir - straight line, f/p - gnoll sergeant
Aim: a gnoll sergeant, wielding a +0 spear and wearing a +0 ring mail (chance to affect: 50%)
The gnoll sergeant resists with some effort.
The gnoll hits you but does no damage.
The gnoll sergeant hits you with a +0 spear.
* * * LOW HITPOINT WARNING * * *
The gnoll closely misses you.
Casting: Ensorcelled Hibernation (safe; 7% risk of failure)
Confirm with . or Enter, or press ? or * to list all spells.
Aiming: Ensorcelled Hibernation (safe; 7% risk of failure)
Press: ? - help, Shift-Dir - straight line, f/p - gnoll sergeant
Aim: a gnoll sergeant, wielding a +0 spear and wearing a +0 ring mail (chance to affect: 50%)
The gnoll sergeant resists with some effort.
The gnoll hits you from afar with a +0 spear.
* * * LOW HITPOINT WARNING * * *
The gnoll sergeant hits you with a +0 spear!
You die...
Kikubaaqudgha rasps: "You have failed me!
Welcome... oblivion!"

...###..#.#.#.# #.# #.
...'....#.#.#.# #.# ##
...####.#.....###.# #
. +....###.#.....# # #
###....#.#.###.# .# #
#....#.#.# #.# ...#
#....#.#.# #.# ....#
#....#.#.###.#.....#
####
#........g@.g#.....#
#...
#.##.#.#.##g.......#
#.##
............).......#
#.#
#.#.......#.....#....#
#.##
#.######......#.....##
#... #
#######.###########
####
..................#
#######.#########.#
........# #.#


You could see a gnoll sergeant and 2 gnolls.

Vanquished Creatures
  Prince Ribbit (D:5)
  An ice beast (D:5)
  2 orc priests
  A hound (D:6)
  Jessica (D:2)
  An iguana (D:5)
  2 orc wizards
  5 gnolls (D:5)
  8 adders
  A shadow imp (D:5)
  An ufetubus (D:6)
  3 worms (D:2)
  5 dart slugs
  9 orcs
  6 bats
  8 endoplasms
  4 giant cockroaches
  11 goblins
  11 hobgoblins
  5 jackals
  13 ball pythons
  7 frilled lizards
  13 kobolds
  8 rats
127 creatures vanquished.

Notes
Turn   | Place    | Note
-------+----------+-------------------------------------------
     0 | D:1      | wingedge the Vampire Enchanter began the quest for the Orb.
     0 | D:1      | Reached XP level 1. HP: 13/13 MP: 3/3
   531 | D:1      | Reached skill level 5 in Hexes
   585 | D:1      | Reached XP level 2. HP: 16/16 MP: 5/5
   613 | D:1      | Reached skill level 1 in Fighting
   731 | D:1      | Learned a level 2 spell: Ensorcelled Hibernation
   900 | D:1      | Reached skill level 5 in Stealth
  1105 | D:1      | Gained mutation: You are afflicted with vampirism and can
                  | become a bat while bloodless. [Vampire growth]
  1105 | D:1      | Reached XP level 3. HP: 20/20 MP: 1/6
  1160 | D:1      | Found Jikkel's Jewellery Shop.
  1549 | D:2      | Noticed Jessica
  1557 | D:2      | Killed Jessica
  1628 | D:2      | Reached XP level 4. HP: 26/26 MP: 4/7
  1747 | D:2      | Found a faded altar of an unknown god.
  1927 | D:2      | Reached skill level 6 in Stealth
  2465 | D:2      | Reached XP level 5. HP: 25/36 MP: 1/8
  3080 | D:3      | Identified the +0 leather armour of Failure {rN+ Dex+3
                  | Slay+3}
  3296 | D:3      | HP: 1/36 [orc priest/divine providence (10)]
  3455 | D:3      | Reached skill level 1 in Ice Magic
  3577 | D:3      | Found a snail-covered altar of Cheibriados.
  3577 | D:3      | Found an ancient bone altar of Kikubaaqudgha.
  3582 | D:3      | Became a worshipper of Kikubaaqudgha
  4139 | D:4      | Reached skill level 1 in Necromancy
  4367 | D:4      | Reached XP level 6. HP: 42/42 MP: 9/9
  4470 | D:4      | Found a staircase to the Ecumenical Temple.
  4504 | D:4      | You fall into a shaft and drop 2 floors!
  4576 | D:6      | Noticed an ice beast
  4652 | D:6      | Reached * piety under Kikubaaqudgha
  4652 | D:6      | Received a gift from Kikubaaqudgha
  4669 | D:6      | Reached skill level 7 in Stealth
  4968 | D:5      | Entered Level 5 of the Dungeon
  5069 | D:4      | Learned a level 3 spell: Confusing Touch
  5073 | D:4      | Learned a level 3 spell: Tukima's Dance
  5075 | D:4      | Learned a level 1 spell: Necrotise
  5307 | Temple   | Entered the Ecumenical Temple
  5695 | D:5      | Noticed Prince Ribbit
  5703 | D:5      | Killed Prince Ribbit
  5704 | D:5      | Reached XP level 7. HP: 36/41 MP: 5/11
  5783 | D:5      | Learned a level 3 spell: Vampiric Draining
  6222 | D:5      | Slain by a gnoll sergeant

Illustrated notes

Levels and vault maps discovered:
D:1:      lightli_arrival_noodles, layout_loops_ring, serial_shops,
          nicolae_diamond_shop, hangedman_decor_peaks_small
D:2:      layout_basic, ebering_ecumenical_altar_webs, minmay_joined_circles,
          uniq_jessica
D:3:      layout_loops_ring, nicolae_overflow_two_pavilions
D:4:      layout_cave_pools, temple_doors_cd, minmay_quadrilaterals
D:5:      layout_basic, mainiacjoe_overflow_surrounded_room, serial_shops, shop,
          uniq_prince_ribbit1, uniq_ijyb
D:6:      layout_loops_corners, trog_hazing_becter, hangedman_decor_riveting,
          grunt_decor_resistance, nicolae_concentric_dashed_squares_wild,
          nicolae_evil_shop
Temple:   nicolae_temple_bog_church

Skill      XL: |  1  2  3  4  5  6  7 |
---------------+----------------------+-----
Hexes          | 5 |  5.4
Fighting       | 1 2 3 |  3.0
Stealth        | 5 6 7 |  7.0
Short Blades   | 2 3 |  3.0
Ice Magic      | 2 |  2.0
Necromancy     | 1 3 |  3.0
Dodging        | 3 |  3.0
Spellcasting   | 3 4 |  4.0

Action                   |  1- 3 |  4- 6 |  7- 9 || total
-------------------------+-------+-------+-------++-------
Melee: Dagger            |    65 |   137 |     7 ||   209
       Short sword       |     2 |       |       ||     2
       Bite              |     2 |    10 |       ||    12
       Long sword        |       |    23 |       ||    23
       Punch             |       |     2 |       ||     2
 Cast: Ensorcelled Hiber |    14 |    63 |     9 ||    86
       Confusing Touch   |       |       |     1 ||     1
 Abil: Exsanguinate      |     1 |     1 |       ||     2
       End Transformatio |       |     1 |       ||     1
       Bat Form          |       |     1 |       ||     1
       Revivify          |       |     1 |       ||     1
  Use: Potion            |       |     5 |       ||     5
       Scroll            |       |     9 |       ||     9
 Stab: Sleeping          |    20 |    52 |     4 ||    76
       Distracted        |     2 |     1 |       ||     3
       Confused          |       |       |     1 ||     1
Armor: Robe              |     5 |    17 |       ||    22
       Leather armour    |       |    33 |     4 ||    37
Dodge: Dodged            |    23 |    88 |    15 ||   126

Table legend: (Time is in decaauts)
 A = Elapsed time spent in this place.
 B = Non-inter-level travel time spent in this place.
 C = Inter-level travel time spent in this place.
 D = Time resting spent in this place.
 E = Time spent auto-exploring this place.
 F = Levels seen in this place.
 G = Mean time per level.
                   A        B        C        D        E       F      G
               +--------+--------+--------+--------+--------+-----+--------+
         Total |   6194 |   5899 |    295 |   1405 |   2971 |   7 |  884.9 |
       Dungeon |   6005 |   5729 |    276 |   1405 |   2815 |   6 | 1000.8 |
        Temple |    188 |    169 |     19 |      0 |    156 |   1 |  188.0 |
               +--------+--------+--------+--------+--------+-----+--------+

Top non-repeatable levels by time:
     D:1: 1666 daAuts
     D:2: 1285 daAuts
     D:3: 989 daAuts
     D:4: 882 daAuts
     D:5: 735 daAuts
     D:6: 445 daAuts
  Temple: 188 daAuts
